 Dungeon Sprint DCSS version 0.28.0 (webtiles) character file.

Game seed: 1284061030737576615

1800 rocky1 the Blocker (level 9, -5/67 HPs)
             Began as a Djinni Fighter on Feb 10, 2022.
             Was an Elder of Okawaru.
             Killed from afar by a gargoyle (25 damage)
             ... with a stone arrow
             ... in the Dungeon (Sprint VII: "The Pits").
             The game lasted 00:09:08 (1738 turns).

rocky1 the Blocker (Djinni Fighter)                 Turns: 1738, Time: 00:09:08

Health: -5/67      AC: 11    Str: 15    XL:     9   Next: 30%
Gold:   0          EV: 11    Int: 14    God:    Okawaru [****..] SH:  6 Dex: 13

rFire   + + .      SeeInvis .   k - +2 long sword (flame)
rCold   x . .      Faith    .   c - +0 buckler
rNeg    . . .      Spirit   .   p - +4 scale mail
rPois   ∞          Reflect  .   (no helmet)
rElec   .          Harm     .   (no cloak)
rCorr   .          Rampage  .   (no gloves)
Will    .....      NoTele   +   (boots unavailable)
Stlth   ..........              (no amulet)
HPRegen 0.21/turn               (no ring)
MPRegen 0.00/turn               (no ring)

@: flying
A: sickness immunity, fire resistance 2, cold vulnerability 1, float, innate
caster, HP casting, extra vitality 1
a: Renounce Religion, Heroism, Finesse


You were in the Dungeon.
You worshipped Okawaru.
Okawaru was greatly pleased with you.
You visited 1 branch

Inventory:

Hand Weapons
 k - a +2 long sword of flaming (weapon)
 o - the +2 scimitar of Abrunode {vamp, *Rage Will+ Int+5}
   (You found it in the Dungeon)

   It occasionally heals its wielder for a portion of the damage dealt when it
   wounds a living foe.
   Int:       It affects your intelligence (+5).
   *Rage:     It berserks you when you make melee attacks (+20% chance).
   Will:      It increases your willpower.
Armour
 a - a +4 chain mail
 c - a +0 buckler (worn)
 p - a +4 scale mail (worn)
Jewellery
 g - a +3 ring of strength
 h - a +3 ring of protection
Scrolls
 i - a scroll of blinking
Potions
 d - a potion of might
 e - 9 potions of curing
 f - 4 potions of heal wounds
 j - a potion of invisibility
 m - 2 potions of haste
 n - 2 potions of mutation


   Skills:
 - Level 6.6 Fighting
 + Level 9.4 Long Blades
 + Level 7.1 Armour
 + Level 6.9 Dodging
 + Level 10.4 Shields
 + Level 5.1 Spellcasting
 - Level 5.8 Invocations


You had 9 spell levels left.
You knew the following spells:

 Your Spells              Type           Power      Damage    Failure   Level
a - Sting                 Tmut/Pois      72%        1d6       9%          1
b - Scorch                Fire           36%        2d7       13%         2
c - Call Imp              Summ           18%        N/A       13%         2
d - Cause Fear            Hex            9%         N/A       63%         4
Your spell library was empty.

Dungeon Overview and Level Annotations

Branches:
Dungeon (1/1)

Altars:
Ashenzari
Cheibriados
Dithmenos
Elyvilon
Fedhas
Gozag
Hepliaklqana
Kikubaaqudgha
Makhleb
Nemelex Xobeh
Okawaru
Qazlal
Ru
Sif Muna
Trog
Uskayaw
Vehumet
Wu Jian
Xom
Yredelemnul
Zin
The Shining One
Beogh
Jiyva
Lugonu


Innate Abilities, Weirdness & Mutations

You are immune to sickness and miasma.
You are immune to poison.
Your flesh is very heat resistant. (rF++)
You are vulnerable to cold. (rC-)
You float through the air rather than walking.
You learn spells naturally, not from books.
Your magical power is your life essence.
You have superior vitality. (+4 MHP)


Message History

You start resting.
You recover from your berserk rage.
You start resting.
HP restored.
You start waiting.
Done waiting.
A gargoyle comes into view. It is wielding a +0 mace.
A four-headed hydra comes into view.
The gargoyle hits you with a +0 mace!
You barely miss the gargoyle. The gargoyle hits you with a +0 mace!
You slash the gargoyle!
The gargoyle is heavily damaged.
You slice one of the four-headed hydra's heads off!
The three-headed hydra grows two more!
You slash the five-headed hydra!
You feel better.
The five-headed hydra is lightly wounded.
Unknown command.
You feel the dreadful sensation subside.
Your +2 long sword of flaming bursts into flame!
k - a +2 long sword of flaming (weapon)
The five-headed hydra bites you. The five-headed hydra bites you!
The five-headed hydra barely misses you.
The five-headed hydra bites you!
The five-headed hydra closely misses you.
You hack one of the five-headed hydra's heads off!
The flame cauterises the wound!
You slash the four-headed hydra! You burn the four-headed hydra.
The four-headed hydra is moderately wounded.
The four-headed hydra bites you but does no damage.
You block the four-headed hydra's attack.
The four-headed hydra bites you!
* * * LOW HITPOINT WARNING * * *
The four-headed hydra barely misses you.
You slice one of the four-headed hydra's heads off!
The flame cauterises the wound!
You hit the three-headed hydra. You burn the three-headed hydra.
The three-headed hydra is moderately wounded.
The gargoyle hurls a stone arrow at you.
The stone arrow hits you!!
You die...

..).##.......##....###
######...<...##...##
))).##.......##..##
)))[##.......##..#
######.......##..#
.#..###########..+
.#.############..#
.#.#....#..[[##..#
##'#....#..[.##.@#
.#.'....'..).##.9D#
.#)#....#..))##....#
.'†#....#..))##......
######################


You could see a three-headed hydra and a gargoyle.

Vanquished Creatures
  A lindwurm (D)
  A kobold demonologist (D)
  A warg (D)
  4 water moccasins (D)
  An ogre (D)
  A centaur (D)
  5 killer bees (D)
  A gnoll shaman (D)
  2 iron imps (D)
  5 gnolls (D)
  An adder (D)
  A river rat (D)
  A white imp (D)
  An adder skeleton (D)
  A worm (D)
  An endoplasm (D)
  2 giant cockroaches (D)
  A goblin (D)
  A frilled lizard (D)
  A kobold (D)
  A rat (D)
34 creatures vanquished.

Notes
Turn   | Place    | Note
-------+----------+-------------------------------------------
     0 | D        | rocky1 the Djinni Fighter began the quest for the Orb.
     0 | D        | Reached XP level 1. HP: 20/20 MP: 0/0
    17 | D        | Reached skill level 4 in Shields
    17 | D        | Reached XP level 2. HP: 18/25 MP: 0/0
    21 | D        | Found a bloodstained altar of Trog.
    21 | D        | Found a viscous altar of Jiyva.
    21 | D        | Found a hazy altar of Hepliaklqana.
    21 | D        | Found an opulent altar of Gozag.
    22 | D        | Found a glowing golden altar of the Shining One.
    22 | D        | Found a glowing silver altar of Zin.
    22 | D        | Found a basalt altar of Yredelemnul.
    22 | D        | Found a shimmering altar of Xom.
    22 | D        | Found an ornate altar of the Wu Jian Council.
    22 | D        | Found a sacrificial altar of Ru.
    22 | D        | Found a stormy altar of Qazlal.
    22 | D        | Found an iron altar of Okawaru.
    22 | D        | Found a sparkling altar of Nemelex Xobeh.
    22 | D        | Found a burning altar of Makhleb.
    22 | D        | Found a blossoming altar of Fedhas.
    22 | D        | Found a white marble altar of Elyvilon.
    22 | D        | Found a shadowy altar of Dithmenos.
    22 | D        | Found a snail-covered altar of Cheibriados.
    25 | D        | Found a corrupted altar of Lugonu.
    26 | D        | Found a hide-covered altar of Uskayaw.
    26 | D        | Found a broken altar of Ashenzari.
    39 | D        | Became a worshipper of Warmaster Okawaru
   103 | D        | Reached XP level 3. HP: 14/30 MP: 0/0
   103 | D        | Learned a level 1 spell: Sting
   445 | D        | Noticed a water moccasin
   463 | D        | Killed a water moccasin
   463 | D        | Reached * piety under Okawaru
   464 | D        | Reached skill level 7 in Shields
   464 | D        | Reached XP level 4. HP: 33/35 MP: 0/0
   464 | D        | Reached XP level 5. HP: 38/40 MP: 0/0
   464 | D        | Learned a level 2 spell: Scorch
   730 | D        | Reached skill level 8 in Shields
   730 | D        | Reached skill level 1 in Spellcasting
   730 | D        | Reached skill level 1 in Invocations
   732 | D        | Reached XP level 6. HP: 40/47 MP: 0/0
   901 | D        | Noticed a water moccasin
   901 | D        | Noticed an ogre
   915 | D        | Killed an ogre
   919 | D        | Killed a water moccasin
   920 | D        | Reached skill level 5 in Fighting
   920 | D        | Reached XP level 7. HP: 30/54 MP: 0/0
   920 | D        | Learned a level 2 spell: Call Imp
  1227 | D        | Noticed a warg
  1230 | D        | Killed a warg
  1230 | D        | Reached ** piety under Okawaru
  1231 | D        | Reached skill level 9 in Shields
  1232 | D        | Noticed a kobold demonologist
  1236 | D        | Killed a kobold demonologist
  1237 | D        | Reached skill level 5 in Armour
  1237 | D        | Reached skill level 5 in Invocations
  1237 | D        | Reached XP level 8. HP: 55/61 MP: 0/0
  1278 | D        | Reached skill level 5 in Dodging
  1299 | D        | Reached *** piety under Okawaru
  1340 | D        | Got the +2 scimitar of Abrunode {vamp, *Rage Will+ Int+5}
  1514 | D        | Noticed a polar bear
  1515 | D        | Noticed a death yak
  1527 | D        | Noticed a lindwurm
  1549 | D        | Killed a lindwurm
  1549 | D        | Reached **** piety under Okawaru
  1550 | D        | Reached skill level 10 in Shields
  1550 | D        | Reached skill level 5 in Spellcasting
  1550 | D        | Reached XP level 9. HP: 67/67 MP: 0/0
  1550 | D        | Learned a level 4 spell: Cause Fear
  1731 | D        | Noticed a gargoyle
  1732 | D        | Noticed a four-headed hydra
  1738 | D        | Killed from afar by a gargoyle

Illustrated notes

Levels and vault maps discovered:
D:        pitsprint [storerooms_1, entrance_room_1, metal_vault_6, armoury_1,
          mini_pit_1, grid_room_1, main_hall_1, silver_pit, the_coven_1,
          the_vestibule_1, steel_vault_3, golden_pit, hallway_of_sentries,
          crystal_vault_4, iron_vault_4, final_vault]

Skill      XL: |  1  2  3  4  5  6  7  8 |
---------------+-------------------------+-----
Long Blades    | 3 6 7 8 9 |  9.4
Shields        | 4 7 8 9 10 | 10.4
Spellcasting   | 1 2 3 5 |  5.1
Invocations    | 1 3 5 |  5.8
Fighting       | 5 6 |  6.6
Dodging        | 3 4 6 |  6.9
Armour         | 4 5 7 |  7.1

Action                   |  1- 3 |  4- 6 |  7- 9 || total
-------------------------+-------+-------+-------++-------
Melee: Long sword        |    33 |    43 |    49 ||   125
       Scimitar          |       |       |    19 ||    19
 Cast: Scorch            |       |       |     2 ||     2
Invok: Heroism           |       |     1 |     2 ||     3
  Use: Potion            |     2 |     2 |     7 ||    11
 Stab: Sleeping          |       |       |     2 ||     2
       Invisible         |       |       |     3 ||     3
Armor: Scale mail        |    11 |     5 |    13 ||    29
       Leather armour    |       |     3 |     8 ||    11
Dodge: Dodged            |    13 |     5 |    48 ||    66
Block: Buckler           |    10 |     7 |    29 ||    46
